cohdb
Replays
Latest Replays
All Replays
Popular Replays
Top Player Replays
Match Explorer
How It Works
Community
CoH3 Stats
Reddit
Sign in to upload your games and track your stats! →
Sign in with Steam
Comeback from L6 push
Match 13790774
Overview
Messages
Build Orders
End
Kradschützen Motorcycle Team
Panzergrenadier Squad
Panzergrenadier Squad
250 Light Carrier
Construct Light Support Kompanie
Selects Italian Infantry
MG34 Team
Selects Guastatori Squad
Selects L6/40 Light Tank Combat Group
L6/40 Light Tank Combat Group
Guastatori Squad
Construct Mechanized Kompanie
MG34 Team
2.5-tonne Medical Truck
Support Armor Elements
StuG III D Assault Gun
254 Reconnaissance Tractor
Marder III Tank Destroyer
Emergency Repair Kits
StuG III D Assault Gun
Panzerjäger Squad
AI Takeover
Crow
LEV-Detahaven
0
0
Comments
sign in to comment!
No comments posted yet!